 Dungeon Crawl Stone Soup version 0.21.1-1-g345015f (webtiles) character file.

38 theblackcape the Caller (level 3, -1/25 HPs)
             Began as a Gnoll Summoner on June 30, 2018.
             Slain by a gnoll
             ... wielding a +0 spear
              (2 damage)
             ... on level 2 of the Dungeon.
             The game lasted 00:06:47 (1671 turns).

theblackcape the Caller (Gnoll Summoner)            Turns: 1671, Time: 00:06:47

Health: -1/25      AC:  3    Str: 10    XL:     3   Next: 43%
Magic:  6/9        EV: 14    Int: 18    God:
Gold:   43         SH:  0    Dex: 15    Spells: 9/12 levels left

rFire    . . .     SeeInvis .   j - +0 mace
rCold    . . .     Gourm    .   (no shield)
rNeg     . . .     Faith    .   l - +0 leather armour
rPois    .         Spirit   .   (no helmet)
rElec    .         Reflect  .   (no cloak)
rCorr    .         Harm     .   (no gloves)
MR       .....                  (no boots)
Stlth    ++........             (no amulet)
HPRegen  0.08/turn              (no ring)
MPRegen  0.11/turn              (no ring)

@: no status effects
A: distributed training, fangs 1, strong nose
a: no special abilities


You were on level 2 of the Dungeon.
You were not hungry.

You visited 1 branch of the dungeon, and saw 2 of its levels.

You collected 43 gold pieces.

Inventory:

Hand Weapons
 j - a +0 mace (weapon)
Missiles
 f - 8 tomahawks
 i - 26 stones (quivered)
Armour
 l - a +0 leather armour (worn)
 n - a cursed +0 leather armour
Jewellery
 p - a cursed -2 ring of intelligence {unknown}
 r - a +3 ring of protection {unknown}
Scrolls
 g - 4 scrolls of teleportation {unknown}
 h - a scroll of fog {unknown}
 m - a scroll of random uselessness {unknown}
 q - a scroll of enchant weapon {unknown}
Potions
 a - a potion of flight {unknown}
 d - 2 potions of curing {unknown}
 e - 2 potions of berserk rage {unknown}
 k - a potion of heal wounds {unknown}
Books
 b - a book of Callings

   Spells                             Type                      Level
   a - Summon Small Mammal            Summoning                    1
   b - Call Imp                       Summoning                    2
   c - Call Canine Familiar           Summoning                    3
   d - Summon Guardian Golem          Hexes/Summoning              3
   e - Summon Lightning Spire         Summoning/Air                4
   f - Summon Ice Beast               Ice/Summoning                4
Comestibles
 c - 5 rations


   Skills:
 + Level 0.7 Fighting
 + Level 0.7 Short Blades
 + Level 0.7 Long Blades
 + Level 0.7 Axes
 + Level 0.7 Maces & Flails
 + Level 0.7 Polearms
 + Level 0.7 Staves
 + Level 0.7 Slings
 + Level 0.7 Bows
 + Level 0.7 Crossbows
 + Level 0.7 Throwing
 + Level 0.7 Armour
 + Level 4.5 Dodging
 + Level 4.1 Stealth
 + Level 0.7 Shields
 + Level 0.7 Unarmed Combat
 + Level 5.0 Spellcasting
 + Level 0.5 Conjurations
 + Level 0.5 Hexes
 + Level 0.5 Charms
 + Level 7.1 Summonings
 + Level 0.5 Necromancy
 + Level 0.5 Translocations
 + Level 0.5 Transmutations
 + Level 0.5 Fire Magic
 + Level 0.5 Ice Magic
 + Level 0.5 Air Magic
 + Level 0.5 Earth Magic
 + Level 0.5 Poison Magic
 + Level 0.9 Invocations
 + Level 0.7 Evocations


You had 9 spell levels left.
You knew the following spells:

 Your Spells              Type           Power        Failure   Level  Hunger
a - Summon Small Mammal   Summ           ####         1%          1    None
b - Call Imp              Summ           ####....     1%          2    #......


Dungeon Overview and Level Annotations

Branches:
Dungeon (2/15)

Altars:


Innate Abilities, Weirdness & Mutations

Your experience applies equally to all skills.
You have very sharp teeth.
Your uncanny sense of smell can sniff out nearby items.


Message History

Casting: Summon Small Mammal
Confirm with . or Enter, or press ? or * to list all spells.
Your bat hits the gnoll but does no damage.
The gnoll misses you. The gnoll barely misses you.
The gnoll completely misses you.
Your rat barely misses the gnoll.
The gnoll hits you from afar with a spear!
* * * LOW HITPOINT WARNING * * *
The gnoll barely misses you. The gnoll closely misses you.
Your bat barely misses the gnoll.
You swap places.
Your bat barely misses the gnoll.
Your bat hits the gnoll. The gnoll hits you but does no damage.
The gnoll closely misses you.
Your quokka barely misses the gnoll.
The gnoll hits you from afar with a halberd of freezing.
* * * LOW HITPOINT WARNING * * *
The gnoll freezes you.
* * * LOW HITPOINT WARNING * * *
Your rat bites the gnoll.
Your bat barely misses the gnoll.
The gnoll hits you from afar with a spear.
You die...

#### #..........# ###### ...
...........#######....#
.###########......#.......#g#
(..........#..............#.#
#.....<............?......#.#
#....................[......#
#.......†...................#####
#...............................(
#...............@...........#####
#.............b.......#####.....
#####....##....g.rg...# ..####
##..†>.......g<.#...# #..∆
#....(.###....r.##.## ..##
.......#.# #....#.#...# ..
.......#.....##.#.......
.##..#.###... [......#.#.
.#...>.# ##.###.......%# #


You could see 3 gnolls, a friendly quokka, a friendly bat and a friendly rat.

Vanquished Creatures
  A dart slug (D:2)
  2 bats (D:1)
  A giant cockroach (D:2)
  A goblin (D:1)
  3 hobgoblins (D:1)
  2 jackals (D:1)
  A kobold (D:1)
  A ball python (D:1)
  3 frilled lizards
15 creatures vanquished.

Vanquished Creatures (collateral kills)
  A gnoll (D:2)
  A dart slug (D:1)
  A leopard gecko (D:1)
  A giant cockroach (D:1)
  4 goblins
  2 hobgoblins
  3 jackals
  2 kobolds
  A quokka (D:2)
  3 bats
  A frilled lizard (D:2)
  2 rats
22 creatures vanquished.

Grand Total: 37 creatures vanquished

Notes
Turn   | Place    | Note
-------+----------+-------------------------------------------
     0 | D:1      | theblackcape the Gnoll Summoner began the quest for the Orb.
     0 | D:1      | Reached XP level 1. HP: 13/13 MP: 6/6
   316 | D:1      | Reached XP level 2. HP: 15/19 MP: 2/7
  1193 | D:2      | Reached XP level 3. HP: 25/25 MP: 9/9
  1204 | D:2      | Learned a level 2 spell: Call Imp
  1229 | D:2      | Reached skill level 5 in Spellcasting
  1366 | D:2      | HP: 1/25 [gnoll/spear (6)]
  1670 | D:2      | HP: 1/25 [gnoll/halberd of freezing (1)]
  1671 | D:2      | Slain by a gnoll

Skill      XL: |  1  2  3 |
---------------+----------+-----
Spellcasting   | 5 |  5.0
Fighting       | |  0.7
Short Blades   | |  0.7
Long Blades    | |  0.7
Axes           | |  0.7
Maces & Flails | |  0.7
Polearms       | |  0.7
Staves         | |  0.7
Slings         | |  0.7
Bows           | |  0.7
Crossbows      | |  0.7
Throwing       | |  0.7
Armour         | |  0.7
Dodging        | |  4.5
Stealth        | |  4.1
Shields        | |  0.7
Unarmed Combat | |  0.7
Conjurations   | |  0.5
Hexes          | |  0.5
Charms         | |  0.5
Summonings     | |  7.1
Necromancy     | |  0.5
Translocations | |  0.5
Transmutations | |  0.5
Fire Magic     | |  0.5
Ice Magic      | |  0.5
Air Magic      | |  0.5
Earth Magic    | |  0.5
Poison Magic   | |  0.5
Invocations    | |  0.9
Evocations     | |  0.7

Action                   || total
-------------------------++-------
Melee: Mace              ||    50
       Bite              ||     2
Throw: Stone             ||     3
 Cast: Summon Small Mamm ||    39
       Call Imp          ||     5
 Stab: Sleeping          ||     3
  Eat: Chunk             ||     2
Armor: Robe              ||     6
       Leather armour    ||     9
Dodge: Dodged            ||    70
